 Dungeon Crawl Stone Soup version 0.19.5 (webtiles) character file.

4487 RUZZLEFAZAZZLE the Cleaver (level 10, -5/93 HPs)
             Began as a Hill Orc Fighter on Apr 17, 2017.
             Was a Believer of Qazlal.
             Slain by Gastronok (21 damage)
             ... on level 8 of the Dungeon.
             The game lasted 00:38:13 (7606 turns).

RUZZLEFAZAZZLE the Cleaver (Hill Orc Fighter)       Turns: 7606, Time: 00:38:14

Health: -5/93      AC: 22    Str: 24    XL:     10   Next: 38%
Magic:  10/10      EV:  3    Int:  8    God:    Qazlal [**....]
Gold:   320        SH: 17    Dex: 13    Spells: 0 memorised, 9 levels left

rFire  + . .     SeeInvis +     p - +0 hand axe (chop)
rCold  . . .     Gourm    .     a - +0 plate armour
rNeg   . . .     Faith    .     i - +0 large shield
rPois  .         Spirit   .     s - +0 helmet
rElec  +         Reflect  .     x - +0 cloak {+Inv}
rCorr  .         Harm     .     l - +2 pair of gloves of Atheism {+Blink rElec SInv Stlth-}
MR     .....                    (no boots)
Stlth  ..........               (no amulet)
                                w - ring of protection from fire
                                (no ring)

@: no status effects
A: molten scales 1, blurry vision 1, strong 2
a: Upheaval, Renounce Religion, Evoke Blink, Evoke Invisibility


You were on level 8 of the Dungeon.
You worshipped Qazlal.
Qazlal was pleased with you.
You were hungry.

You visited 2 branches of the dungeon, and saw 9 of its levels.

You collected 529 gold pieces.
You spent 209 gold pieces at shops.

Inventory:

Hand Weapons
 p - a +0 hand axe of chopping (weapon)
Armour
 a - a +0 plate armour (worn)
 i - a +0 large shield (worn)
 l - the +2 pair of gloves of Atheism (worn) {+Blink rElec SInv Stlth-}
   (You bought it in a shop on level 6 of the Dungeon)

   It insulates you from electricity.
   It lets you see invisible.
   It lets you blink.
   It makes you less stealthy.
 s - a +0 helmet (worn)
 x - a +0 cloak of invisibility (worn)
Jewellery
 j - an uncursed ring of teleportation
 w - a ring of protection from fire (right hand)
Wands
 g - a wand of acid (8/15)
 o - a wand of flame (15/48)
 v - a wand of flame (24/48)
 E - a wand of digging (7/24)
Scrolls
 e - 3 scrolls of recharging
 h - 5 scrolls of identify
 m - 2 scrolls of amnesia
 u - a scroll of teleportation
Potions
 d - a potion of might
 k - 2 potions of agility
 n - 2 potions of invisibility
 q - a potion of lignification
 r - a potion of curing
 A - a potion of brilliance {unknown}
 D - a potion of flight
Books
 b - a book of Changes

   Spells                             Type                      Level
   a - Beastly Appendage              Transmutation                1
   b - Sticks to Snakes               Transmutation                2
   c - Spider Form                    Transmutation/Poison         3
   d - Ice Form                       Ice/Transmutation            4
   e - Blade Hands                    Transmutation                5
 c - a book of Clouds

   Spells                             Type                      Level
   a - Mephitic Cloud                 Conjuration/Poison/Air       3
   b - Conjure Flame                  Conjuration/Fire             3
   c - Poisonous Cloud                Conjuration/Poison/Air       6
   d - Freezing Cloud                 Conjuration/Ice/Air          6
   e - Ring of Flames                 Charms/Fire                  7
 t - a book of Misfortune

   Spells                             Type                      Level
   a - Confusing Touch                Hexes                        1
   b - Confuse                        Hexes                        3
   c - Gell's Gravitas                Hexes/Translocation          3
   d - Petrify                        Transmutation/Earth          4
   e - Metabolic Englaciation         Hexes/Ice                    5
   f - Yara's Violent Unravelling     Hexes/Transmutation          5
Comestibles
 f - 3 bread rations
 z - 3 meat rations


   Skills:
 + Level 9.8 Fighting
 * Level 13.5 Axes
 + Level 8.5 Armour
 - Level 3.2 Shields


You had 9 spell levels left.
You didn't know any spells.

Dungeon Overview and Level Annotations

Branches:
Dungeon (8/15)             Temple (1/1) D:7
   Lair: D:8-11

Altars:
Ashenzari
Cheibriados
Dithmenos
Elyvilon
Gozag
Hepliaklqana
Kikubaaqudgha
Makhleb
Nemelex Xobeh
Okawaru
Qazlal
Ru
Sif Muna
Trog
Uskayaw
Vehumet
Xom
Zin
The Shining One

Shops:
D:6 [=

Annotations:
D:8 Gastronok


Innate Abilities, Weirdness & Mutations

You are partially covered in molten scales. (AC +2)
Scrolls take you a little longer to read.
Your muscles are very strong. (Str +4)


Message History

Gastronok is severely wounded.
You hit Gastronok but do no damage.
Gastronok is severely wounded.
Gastronok waves his eye-stalks in wide circles.
The air twists around and strikes you!
You hit Gastronok.
Gastronok is severely wounded.
You hit Gastronok.
Gastronok is severely wounded.
You slash Gastronok!
Gastronok is severely wounded.
Gastronok waves his eye-stalks in wide circles.
The air twists around and strikes you!
* * * LOW HITPOINT WARNING * * *
You hit Gastronok.
Gastronok is almost dead.
You hit Gastronok.
Gastronok is almost dead.
Gastronok bites you!!
You die...

####(......... ...
..........#.###...
................. ###
#.........(.....###
#.####...............#.#
#...####.##....#.#......
##.#......[#[.#...#......
###.#.<#####..[[......## #.%P
#........)...@w.........###%.%
..############ยง............###
#.............(.....
....#.#..........#####
......#...........#
......#.####.###......
.....##.# #.# ###..#$ ....# #.#
#.# #.# #### #.# #.# $..


You could see Gastronok.

Vanquished Creatures
  The ghost of Hasye the Cutter, a novice HuBe of Trog (D:6)
  Pikel (D:5)
  3 hippogriffs
  Sigmund (D:3)
  Duvessa (Temple)
  3 orc warriors
  A black bear (D:7)
  2 slaves
  2 ice beasts (D:7)
  3 phantoms
  A sky beast (D:6)
  2 ogres
  A centaur (D:4)
  A big kobold (D:8)
  A bullfrog (D:7)
  A gnoll sergeant (D:5)
  A scorpion (D:6)
  Dowan (Temple)
  5 wights (D:5)
  A centaur zombie (D:7)
  A gnoll shaman (D:6)
  4 hounds
  2 orc priests
  2 bullfrog skeletons
  Terence (D:3)
  Natasha (thrice) (D:3)
  An iguana (D:4)
  5 orc wizards
  4 worker ants
  A hound zombie (D:7)
  2 hound skeletons (D:7)
  A howler monkey zombie (D:6)
  A worker ant zombie (D:8)
  16 gnolls
  16 adders
  2 shadow imps (D:7)
  An ooze (D:1)
  A worm (D:3)
  3 dart slugs
  3 leopard geckos
  16 orcs
  A ball python (D:2)
  13 bats
  7 giant cockroaches
  6 goblins
  5 hobgoblins
  5 kobolds
  3 quokkas
  3 frilled lizards
  A jackal zombie (D:7)
  3 leopard gecko skeletons
  4 rats
170 creatures vanquished.

Notes
Turn   | Place    | Note
-------+----------+-------------------------------------------
     0 | D:1      | RUZZLEFAZAZZLE the Hill Orc Fighter began the quest for the Orb.
     0 | D:1      | Reached XP level 1. HP: 19/19 MP: 1/1
    65 | D:1      | Reached skill level 3 in Axes
    95 | D:1      | Reached XP level 2. HP: 16/27 MP: 2/2
   408 | D:1      | Reached XP level 3. HP: 30/33 MP: 3/3
   513 | D:1      | Reached skill level 4 in Axes
   969 | D:2      | Reached XP level 4. HP: 31/40 MP: 4/4
  1076 | D:2      | Reached skill level 5 in Axes
  1145 | D:2      | Reached XP level 5. HP: 31/47 MP: 5/5
  1563 | D:3      | Noticed Terence
  1578 | D:3      | Killed Terence
  1651 | D:3      | Noticed Sigmund
  1666 | D:3      | Killed Sigmund
  1666 | D:3      | Reached skill level 5 in Fighting
  1666 | D:3      | Reached skill level 6 in Axes
  1666 | D:3      | Reached XP level 6. HP: 23/56 MP: 6/6
  1875 | D:3      | Noticed Natasha
  1887 | D:3      | Killed Natasha
  1887 | D:3      | Reached skill level 7 in Axes
  2294 | D:3      | Noticed Natasha
  2302 | D:3      | Killed Natasha
  2302 | D:3      | Reached XP level 7. HP: 39/61 MP: 7/7
  2315 | D:3      | Noticed Natasha
  2322 | D:3      | Killed Natasha
  2322 | D:3      | Reached skill level 5 in Armour
  2723 | D:4      | Found a stormy altar of Qazlal.
  2745 | D:4      | Became a worshipper of Qazlal Stormbringer
  2777 | D:4      | Gained mutation: Your muscles are strong. (Str +2) [potion of mutation]
  2777 | D:4      | Gained mutation: Scrolls take you a little longer to read. [potion of mutation]
  2777 | D:4      | Gained mutation: Your muscles are very strong. (Str +4) [potion of mutation]
  2790 | D:4      | Reached skill level 8 in Axes
  2881 | D:4      | Found a bloodstained altar of Trog.
  3103 | D:4      | Reached XP level 8. HP: 29/70 MP: 8/8
  3246 | D:5      | Entered Level 5 of the Dungeon
  3360 | D:5      | Gained mutation: You are partially covered in molten scales. (AC +2) [potion of beneficial mutation]
  3507 | D:5      | Found a shattered altar of Ashenzari.
  3724 | D:5      | Reached skill level 9 in Axes
  3815 | D:5      | Got an encrusted scale mail
  3834 | D:5      | Identified the cursed +0 scale mail of the Gate {rF++ rC- SInv Stlth+} (You found it on level 5 of the Dungeon)
  4319 | D:6      | Found Ibureceh's Jewellery Emporium.
  4331 | D:6      | Noticed Hasye's ghost (novice HuBe)
  4349 | D:6      | Killed Hasye's ghost
  4349 | D:6      | Reached skill level 10 in Axes
  4715 | D:5      | Reached XP level 9. HP: 51/79 MP: 9/9
  4996 | D:5      | Reached skill level 11 in Axes
  5024 | D:6      | Reached * piety under Qazlal
  5390 | D:6      | Noticed Pikel
  5424 | D:5      | Killed Pikel
  5532 | D:6      | Found Ruthrahe's Antique Armour Shop.
  5535 | D:6      | Bought a pair of polished gloves for 209 gold pieces
  5540 | D:6      | Identified the +2 pair of gloves of Atheism {+Blink rElec SInv Stlth-} (You bought it in a shop on level 6 of the Dungeon)
  5626 | D:6      | Reached skill level 12 in Axes
  5839 | D:6      | Found a deep blue altar of Sif Muna.
  6036 | D:6      | Found a shattered altar of Ashenzari.
  6147 | D:7      | Found a staircase to the Ecumenical Temple.
  6172 | Temple   | Entered the Ecumenical Temple
  6341 | D:7      | Noticed Duvessa
  6346 | D:7      | Noticed Dowan
  6418 | Temple   | Killed Dowan
  6429 | Temple   | Killed Duvessa
  6591 | D:7      | Got an ichor-stained leather armour
  6611 | D:7      | Reached XP level 10. HP: 91/91 MP: 10/10
  6649 | D:7      | Reached skill level 13 in Axes
  6700 | D:7      | Reached ** piety under Qazlal
  6770 | D:7      | Found a deep blue altar of Sif Muna.
  7054 | D:7      | Found a bloodstained altar of Trog.
  7239 | D:8      | Noticed Gastronok
  7531 | D:7      | Identified the +4 leather armour "Yso Xuar" {Dex+3} (You found it on level 7 of the Dungeon)
  7606 | D:8      | Slain by Gastronok

Skill      XL: |  1  2  3  4  5  6  7  8  9 10 |
---------------+-------------------------------+-----
Axes           | 3 4 5 6 7 8 10 12 13 | 13.5
Fighting       | 4 5 6 7 9 |  9.8
Armour         | 4 5 6 7 8 |  8.5
Shields        | |  3.2

Action                   |  1- 3 |  4- 6 |  7- 9 | 10-12 || total
-------------------------+-------+-------+-------+-------++-------
Melee: War axe           |   110 |   146 |    86 |       ||   342
       Hand axe          |       |       |   364 |   138 ||   502
Evoke: Wand              |       |       |     1 |       ||     1
  Use: Scroll            |       |     2 |    12 |     1 ||    15
       Potion            |       |     2 |     7 |       ||     9
  Eat: Chunk             |       |     5 |     8 |     1 ||    14
       Meat ration       |       |       |     1 |       ||     1
       Beef jerky        |       |       |     1 |     1 ||     2
Armor: Scale mail        |    47 |    61 |   131 |    34 ||   273
       Skin              |       |       |    21 |       ||    21
       Leather armour    |       |       |     5 |       ||     5
       Plate armour      |       |       |       |     6 ||     6
Dodge: Dodged            |    32 |    52 |    71 |    15 ||   170
Block: Shield            |    72 |    74 |   139 |       ||   285
       Large shield      |       |       |    82 |    97 ||   179
